[Event "Titled Tuesday Blitz May 24 Late 2022"]
[White "Hasangatin, Ramil"]
[Black "Koutlas, Nikolaos"]
[WhiteFideId "4122160"]
[BlackFideId "25827138"]
[WhiteElo "2399"]
[BlackElo "1645"]
[Result "0-1"]
[Round "09"]
[TimeControl "180+1"]
[Date "2022.05.24"]
[WhiteClock "0:00:02"]
[BlackClock "0:00:05"]

1. e4 c5 2. Nf3 Nc6 3. Bb5 g6 4. O-O Bg7 5. c3 Nf6 6. Qa4 O-O 7. d4 cxd4 8. cxd4 a6 9. d5 Nb4 10. Be2 a5 11. a3 Na6 12. Be3 d6 13. Nc3 Bd7 14. Bb5 Rc8 15. Rac1 Nc5 16. Bxc5 Rxc5 17. Bxd7 Nxd7 18. Rfd1 Qc7 19. Qb3 Rc8 20. Nb5 Qb6 21. Rxc5 Nxc5 22. Qc4 Bxb2 23. a4 Qd8 24. Rb1 Bf6 25. g3 Nd7 26. Qb3 Nc5 27. Qc4 Nd7 28. Qe2 Nb6 29. Na3 Nxa4 30. Rxb7 Nc3 31. Qd3 Bg7 32. Nc4 Na4 33. Ra7 Nc5 34. Qe3 a4 35. e5 dxe5 36. Nfxe5 Qxd5 37. Rxe7 a3 38. Nxa3 Bf6 39. Nd7 Bxe7 40. Ne5 Qd1+ 41. Kg2 Qd5+ 42. Kh3 Qe6+ 43. g4 Nd7 44. Nxd7 Qxd7 45. Nc4 Rxc4 46. Qe5 Qxg4# 0-1


[Site "https://www.chess.com"]

[Event "Titled Tuesday Blitz May 24 Late 2022"]
[White "Huber, Benedikt"]
[Black "Wachinger, Guenther"]
[WhiteFideId "12923583"]
[BlackFideId "4604261"]
[WhiteElo "1979"]
[BlackElo "2212"]
[Result "0-1"]
[Round "09"]
[TimeControl "180+1"]
[Date "2022.05.25"]
[WhiteClock "0:00:05"]
[BlackClock "0:01:22"]

1. d4 Nf6 2. c4 c5 3. d5 b5 4. cxb5 a6 5. Nc3 axb5 6. e4 b4 7. Nb5 d6 8. a4 g6 9. Nf3 Bg7 10. Bc4 O-O 11. O-O Bg4 12. h3 Bxf3 13. Qxf3 Nfd7 14. Qe2 Nb6 15. f4 N8d7 16. Qc2 Nxc4 17. Qxc4 Nb6 18. Qc2 Qb8 19. Re1 Nxa4 20. Rxa4 Qxb5 21. Rxa8 Rxa8 22. e5 c4 23. Qe4 dxe5 24. fxe5 Rd8 25. d6 exd6 26. exd6 Qb6+ 27. Kh1 Qxd6 28. Qxc4 h5 29. Rf1 Rd7 30. Bf4 Qd4 31. Qc8+ Rd8 32. Qb7 Qxb2 33. Bg5 Rf8 34. Be7 Re8 35. Bxb4 Qb3 36. Rf3 Re1+ 37. Kh2 Be5+ 38. g3 Qc2+ 0-1


[Site "https://www.chess.com"]

[Event "Titled Tuesday Blitz May 24 Late 2022"]
[White "Ibarra Jerez, Jose Carlos"]
[Black "Rychagov, Andrey"]
[WhiteFideId "2226332"]
[BlackFideId "4119932"]
[WhiteElo "2626"]
[BlackElo "2500"]
[Result "0-1"]
[Round "09"]
[TimeControl "180+1"]
[Date "2022.05.24"]
[WhiteClock "0:00:02"]
[BlackClock "0:00:12"]

1. f4 d5 2. Nf3 Bg4 3. e3 e6 4. d4 Nf6 5. c4 c5 6. Qa4+ Qd7 7. Qxd7+ Nbxd7 8. Ne5 cxd4 9. exd4 Bb4+ 10. Bd2 Bxd2+ 11. Nxd2 dxc4 12. Ndxc4 O-O 13. Nd6 Nxe5 14. dxe5 Nd5 15. g3 f6 16. exf6 gxf6 17. Bc4 Rad8 18. Nxb7 Rb8 19. Nc5 Rxb2 20. Bxd5 exd5 21. O-O Rc8 22. Rac1 Rxa2 23. Nb3 Rc4 24. Rxc4 dxc4 25. Nd4 c3 26. Rc1 Rd2 27. Nb3 Rd1+ 28. Kf2 Rxc1 29. Nxc1 Kf7 30. Ke3 Bd1 31. Kd4 c2 32. Nd3 Ke6 33. Ke4 a5 34. Nc1 h5 35. Kd4 Kf5 36. Ke3 Kg4 37. Kf2 a4 38. Na2 a3 39. Nc1 h4 40. gxh4 Kxf4 41. Kg2 Kg4 42. Kf2 Kf4 43. Nd3+ Ke4 44. Nc1 Bh5 45. Ke1 Ke3 46. Nb3 a2 47. h3 a1=Q+ 48. Nxa1 c1=Q# 0-1


[Site "https://www.chess.com"]

[Event "Titled Tuesday Blitz May 24 Late 2022"]
[White "Ivanisevic, Ivan"]
[Black "Pranav, V"]
[WhiteFideId "912417"]
[BlackFideId "25060783"]
[WhiteElo "2495"]
[BlackElo "2349"]
[Result "0-1"]
[Round "09"]
[TimeControl "180+1"]
[Date "2022.05.24"]
[WhiteClock "0:00:21"]
[BlackClock "0:01:26"]

1. d4 Nf6 2. c4 e6 3. g3 c5 4. d5 exd5 5. cxd5 b5 6. e4 Nxe4 7. Bg2 Nd6 8. Nf3 Be7 9. O-O O-O 10. Bf4 Na6 11. Re1 Re8 12. Nc3 b4 13. Na4 Bf8 14. Rc1 Rxe1+ 15. Qxe1 Qa5 16. b3 Bb7 17. Ne5 Re8 18. Qd1 Qd8 19. Nxc5 Nxc5 20. Rxc5 g5 21. Bxg5 Qxg5 22. Nxd7 Bc8 23. f4 Qe7 24. Ne5 f6 25. Rxc8 Rxc8 26. Qg4+ Kh8 27. Nc6 Qe3+ 28. Kf1 Re8 29. Bf3 Qd2 0-1


[Site "https://www.chess.com"]

[Event "Titled Tuesday Blitz May 24 Late 2022"]
[White "Janaszak, Dawid"]
[Black "D`Arruda, Ricardo D."]
[WhiteFideId "1119206"]
[BlackFideId "100692"]
[WhiteElo "2199"]
[BlackElo "2509"]
[Result "1-0"]
[Round "09"]
[TimeControl "180+1"]
[Date "2022.05.24"]
[WhiteClock "0:00:17"]
[BlackClock "0:00:13"]

1. e4 c5 2. Nc3 e6 3. d4 cxd4 4. Qxd4 Nc6 5. Qd3 Nf6 6. Bf4 d5 7. O-O-O Bd6 8. Bxd6 Qxd6 9. exd5 exd5 10. Nxd5 O-O 11. Nf3 Bg4 12. Be2 Rfe8 13. h3 Bh5 14. Ne3 Qf4 15. Kb1 Ne4 16. Nd5 Qb8 17. Rhf1 Bg6 18. Qa3 a5 19. Bd3 Nb4 20. Nxb4 axb4 21. Qxb4 Qa7 22. a3 Nxf2 23. Bxg6 hxg6 24. Rd7 Ne4 25. Qxb7 Nc3+ 26. Ka1 Qxb7 27. Rxb7 Nd5 28. Re1 Ne3 29. Re2 f5 30. Ka2 f4 31. Nd4 Rad8 32. c3 g5 33. a4 Re5 34. Nc6 1-0


[Site "https://www.chess.com"]

[Event "Titled Tuesday Blitz May 24 Late 2022"]
[White "Jarocka, Liwia"]
[Black "Stojanovski, Sandi"]
[WhiteFideId "21807558"]
[BlackFideId "1403249"]
[WhiteElo "1887"]
[BlackElo "2332"]
[Result "0-1"]
[Round "09"]
[TimeControl "180+1"]
[Date "2022.05.25"]
[WhiteClock "0:01:04"]
[BlackClock "0:01:51"]

1. Nf3 d5 2. b3 c6 3. Bb2 Nf6 4. g3 Nbd7 5. Bg2 g6 6. O-O Bg7 7. c4 O-O 8. cxd5 cxd5 9. d4 Ne4 10. Nbd2 Ndf6 11. Nxe4 Nxe4 12. Rc1 Be6 13. Ne5 Qa5 14. a3 Rfc8 15. b4 Qb6 16. Bxe4 dxe4 17. Rc5 Qd6 18. Qb1 Bd5 19. Rfc1 Rxc5 20. dxc5 Qe6 21. f4 f6 22. c6 bxc6 0-1


[Site "https://www.chess.com"]

[Event "Titled Tuesday Blitz May 24 Late 2022"]
[White "Jorquera, Marcelo"]
[Black "Burke, Paul"]
[WhiteFideId "3401197"]
[BlackFideId "2605767"]
[WhiteElo "2136"]
[BlackElo "1865"]
[Result "1/2-1/2"]
[Round "09"]
[TimeControl "180+1"]
[Date "2022.05.25"]
[WhiteClock "0:00:08"]
[BlackClock "0:00:47"]

1. e4 e5 2. Nc3 Nc6 3. g3 g6 4. Bg2 Bg7 5. d3 Nge7 6. Nge2 O-O 7. O-O d6 8. f4 f5 9. Be3 h6 10. Qd2 Kh7 11. d4 exd4 12. Nxd4 fxe4 13. Nxe4 Nf5 14. Nxf5 Bxf5 15. Nc3 Qd7 16. Kh1 Rae8 17. Rfe1 Bh3 18. Rad1 Bxg2+ 19. Kxg2 Ne7 20. b3 Nf5 21. Nd5 c6 22. Nc3 Nxe3+ 23. Rxe3 d5 24. Rd3 Qe7 25. Qf2 Bxc3 26. Rxc3 Qe2 27. Rcd3 Qxf2+ 28. Kxf2 Re7 29. Re3 Rfe8 30. Rxe7+ Rxe7 31. Rd3 Kg7 32. Rd2 Kf6 33. Kf3 h5 34. h3 Re1 35. g4 hxg4+ 36. hxg4 Rf1+ 37. Kg3 Rg1+ 38. Rg2 Rxg2+ 39. Kxg2 c5 40. Kf3 b5 41. a4 a6 42. Ke3 Ke6 43. Kd3 Kd6 44. Ke3 Ke6 45. Kf3 Kf6 46. Ke3 Ke6 1/2-1/2


[Site "https://www.chess.com"]

[Event "Titled Tuesday Blitz May 24 Late 2022"]
[White "Joubert, Dantelle"]
[Black "Sarkar, Justin"]
[WhiteFideId "14310813"]
[BlackFideId "2010011"]
[WhiteElo "1507"]
[BlackElo "2020"]
[Result "0-1"]
[Round "09"]
[TimeControl "180+1"]
[Date "2022.05.25"]
[WhiteClock "0:01:06"]
[BlackClock "0:00:11"]

1. Nf3 d5 2. c4 d4 3. d3 Nc6 4. e3 e5 5. exd4 exd4 6. g3 Bb4+ 7. Bd2 Bc5 8. Bg2 a5 9. O-O Nge7 10. Na3 O-O 11. Nb5 Ng6 12. h4 Bg4 13. Qc2 Qd7 14. Rfe1 f6 15. a3 Nce5 16. Nxe5 Nxe5 17. Bxb7 Rab8 18. Bd5+ Kh8 19. Bf4 Rxb5 20. Bxe5 fxe5 21. Rxe5 Rb6 22. Rae1 Rbf6 23. f4 Bd6 24. R5e4 c6 0-1


[Site "https://www.chess.com"]

[Event "Titled Tuesday Blitz May 24 Late 2022"]
[White "Kaasen, Tor Fredrik"]
[Black "Vujic, Mihailo"]
[WhiteFideId "1516647"]
[BlackFideId "918873"]
[WhiteElo "2335"]
[BlackElo "2256"]
[Result "1/2-1/2"]
[Round "09"]
[TimeControl "180+1"]
[Date "2022.05.24"]
[WhiteClock "0:00:15"]
[BlackClock "0:00:09"]

1. e4 e5 2. Nf3 Nc6 3. Bb5 f5 4. Nc3 fxe4 5. Nxe4 d5 6. Nxe5 dxe4 7. Nxc6 Qg5 8. Qe2 Nf6 9. Nxa7+ Kd8 10. d3 Qxg2 11. Rf1 Rxa7 12. Be3 Bg4 13. Qd2 Ra8 14. dxe4+ Kc8 15. f3 Qxd2+ 16. Bxd2 Be6 17. a3 Bc5 18. O-O-O c6 19. Bd3 Bh3 20. Rfe1 Bg2 21. Be3 Bxe3+ 22. Rxe3 Nh5 23. e5 Kc7 24. Rg1 Nf4 25. Re4 Nxd3+ 26. cxd3 Bxf3 27. Rxg7+ Kb6 28. Rb4+ Kc5 29. d4+ Kd5 30. Rgxb7 Rad8 31. Kd2 Ke4 32. Rg7 Rxd4+ 33. Rxd4+ Kxd4 34. e6 Re8 35. Rxh7 Rxe6 36. Rh4+ Be4 37. Rg4 Rf6 38. Rg3 Rf2+ 39. Kc1 Rc2+ 40. Kb1 Rxh2+ 41. Ka2 Bd5+ 42. Kb1 Rh1+ 43. Kc2 Rh2+ 44. Kc1 Be4 45. Rc3 c5 46. a4 c4 47. a5 Rh1+ 48. Kd2 Ra1 49. Rh3 Rxa5 50. Rh8 Rg5 51. Rd8+ Bd5 52. Kc2 Rg2+ 53. Kc1 Kc5 54. Rc8+ Kd4 55. Rd8 Rf2 56. Rd7 Ke4 57. Re7+ Kd3 58. Re1 Rc2+ 59. Kb1 Rd2 60. Kc1 Rc2+ 61. Kb1 Rf2 62. Kc1 Kd4 63. Rd1+ Kc5 64. Re1 Bf3 65. Re8 Kb4 66. Rb8+ Kc5 67. Rc8+ Kd4 68. Rd8+ Bd5 69. Rd7 Rf1+ 70. Kc2 Rf5 71. Kd2 Kc5 72. Rc7+ Kd6 73. Rc8 Rf2+ 74. Kc3 Rf3+ 75. Kd2 Rd3+ 76. Kc2 Ke5 77. Rh8 Be4 78. Re8+ Kd4 79. Rd8+ Kc5 80. Rc8+ Kd4 81. Rd8+ Bd5 82. Rd7 Rg3 83. Rd8 Rg2+ 84. Kc1 1/2-1/2


[Site "https://www.chess.com"]

[Event "Titled Tuesday Blitz May 24 Late 2022"]
[White "Kamsky, Gata"]
[Black "Vajda, Levente"]
[WhiteFideId "2000024"]
[BlackFideId "1203975"]
[WhiteElo "2645"]
[BlackElo "2573"]
[Result "1-0"]
[Round "09"]
[TimeControl "180+1"]
[Date "2022.05.24"]
[WhiteClock "0:00:15"]
[BlackClock "0:00:04"]

1. d4 d5 2. Bf4 g6 3. c3 Bg7 4. Nf3 e6 5. e3 Ne7 6. Nbd2 O-O 7. h4 h6 8. Bd3 c5 9. h5 g5 10. Nxg5 hxg5 11. Bxg5 f5 12. h6 Bf6 13. Qh5 Nd7 14. Nf3 Kh8 15. h7 Qe8 16. Qh4 Qg6 17. O-O-O Bxg5 18. Nxg5 Nf6 19. f3 Qg7 20. g4 fxg4 21. fxg4 b5 22. Rdf1 Bd7 23. Qh6 Qxh6 24. Rxh6 Nxg4 25. Nf7+ Kg7 26. h8=Q+ Rxh8 27. Rxh8 Rxh8 28. Nxh8 Nf6 29. dxc5 e5 30. b4 e4 31. Be2 Nf5 32. Bxb5 Bc8 33. Kd2 Kxh8 34. Bc6 Kg7 35. b5 Ne7 36. Ba8 Nd7 37. c6 1-0


[Site "https://www.chess.com"]

[Event "Titled Tuesday Blitz May 24 Late 2022"]
[White "Kim, Sergey"]
[Black "Prieto Aranguren, Alain"]
[WhiteFideId "13700570"]
[BlackFideId "2268906"]
[WhiteElo "2541"]
[BlackElo "2235"]
[Result "1-0"]
[Round "09"]
[TimeControl "180+1"]
[Date "2022.05.25"]
[WhiteClock "0:01:41"]
[BlackClock "0:01:44"]

1. d4 Nf6 2. c4 g6 3. Nc3 Bg7 4. e4 O-O 5. Nge2 c5 6. d5 e6 7. Ng3 exd5 8. cxd5 d6 9. Be2 h5 10. Bg5 a6 11. a4 Qa5 12. Qd2 Nh7 13. Bh4 b5 14. O-O b4 15. Nd1 Nd7 16. f4 Ndf6 17. h3 Re8 18. Nf2 Qc7 19. Bc4 a5 20. e5 dxe5 21. d6 Qd8 22. f5 Ba6 23. fxg6 Bxc4 24. gxh7+ Kxh7 25. Qc2+ Kg8 26. Qxc4 Qxd6 27. Bxf6 Qxf6 28. Nxh5 Qg5 29. Nxg7 Kxg7 30. Ne4 Qe3+ 31. Kh1 Qd4 32. Qxf7+ Kh6 33. Rf6# 1-0


[Site "https://www.chess.com"]

[Event "Titled Tuesday Blitz May 24 Late 2022"]
[White "Kobalia, Mikhail"]
[Black "Antipov, Mikhail Al."]
[WhiteFideId "4119150"]
[BlackFideId "4107012"]
[WhiteElo "2667"]
[BlackElo "2512"]
[Result "1-0"]
[Round "09"]
[TimeControl "180+1"]
[Date "2022.05.24"]
[WhiteClock "0:00:18"]
[BlackClock "0:00:01"]

1. e4 e5 2. Nf3 Nc6 3. Bb5 Nf6 4. d3 Ne7 5. d4 Nxe4 6. dxe5 a6 7. Bd3 Nc5 8. O-O d5 9. exd6 Qxd6 10. Bc4 Qxd1 11. Rxd1 Be6 12. Bxe6 Nxe6 13. Nc3 Rd8 14. Be3 Rxd1+ 15. Rxd1 f6 16. Nd4 Nxd4 17. Bxd4 Nc6 18. Be3 Bd6 19. Ne4 Be7 20. Nc5 Bxc5 21. Bxc5 Ne5 22. Kf1 Nd7 23. Bb4 Kd8 24. Re1 Re8 25. Rxe8+ Kxe8 26. Ke2 Kf7 27. Kd3 Ke6 28. Ke4 f5+ 29. Ke3 Nb6 30. Kd3 Nd5 31. Bd2 g6 32. c4 Nf6 33. f3 Nd7 34. Kd4 Ne5 35. Bf4 Nc6+ 36. Kc3 Kd7 37. b4 Nd8 38. a4 Ne6 39. Be5 c6 40. a5 Ke7 41. h4 Nf8 42. Kd4 Ne6+ 43. Ke3 Kf7 44. g4 h5 45. g5 Ke7 46. Kd3 Kd7 47. Kc3 Nd8 48. Kd4 Ne6+ 49. Kc3 Ke7 50. Kd3 Ke8 51. Kc3 Kf7 52. Kd3 Ke7 53. Ke3 Kd7 54. Kd3 c5 55. b5 Nd8 56. Kc3 Nf7 57. Bf4 Ke6 58. Be3 Ne5 59. Bxc5 Nxf3 60. Bf2 f4 61. Kb4 Ne5 62. c5 Nd3+ 63. Kc4 Nxf2 64. c6 axb5+ 65. Kxb5 Kd6 66. Kb6 1-0


[Site "https://www.chess.com"]

[Event "Titled Tuesday Blitz May 24 Late 2022"]
[White "Kohler, Aran"]
[Black "Estrada Nieto, Julian"]
[WhiteFideId "1002856"]
[BlackFideId "5101018"]
[WhiteElo "2255"]
[BlackElo "2252"]
[Result "0-1"]
[Round "09"]
[TimeControl "180+1"]
[Date "2022.05.25"]
[WhiteClock "0:00:07"]
[BlackClock "0:00:26"]

1. e4 e5 2. Nf3 Nc6 3. Bc4 Bc5 4. O-O Nf6 5. c3 d6 6. d4 exd4 7. cxd4 Bb6 8. Nc3 O-O 9. h3 Nxe4 10. Bxf7+ Rxf7 11. Nxe4 h6 12. Be3 Bf5 13. Ng3 Qd7 14. Nxf5 Qxf5 15. d5 Nb4 16. Bxb6 axb6 17. Qb3 Nxd5 18. Nd4 Qe4 19. Rad1 Nf4 20. f3 Qg6 21. Rd2 Nxh3+ 22. Kh2 Nf4 23. g4 Kh8 24. Nf5 Rxf5 25. gxf5 Qh5+ 26. Kg3 Qg5+ 27. Kh2 Qxf5 28. Qc2 Qh3+ 29. Kg1 Ra5 30. Rh2 Rg5+ 31. Rg2 Rxg2+ 32. Qxg2 Qxg2# 0-1


[Site "https://www.chess.com"]

[Event "Titled Tuesday Blitz May 24 Late 2022"]
[White "Kosteniuk, Alexandra"]
[Black "Gross, Nicholas"]
[WhiteFideId "4128125"]
[BlackFideId "30921961"]
[WhiteElo "2469"]
[BlackElo "1958"]
[Result "1-0"]
[Round "09"]
[TimeControl "180+1"]
[Date "2022.05.25"]
[WhiteClock "0:00:14"]
[BlackClock "0:00:18"]

1. d4 Nf6 2. Nf3 g6 3. Nc3 d5 4. Bf4 Bg7 5. h3 O-O 6. e3 c5 7. Nb5 Nc6 8. c3 b6 9. Ne5 Bb7 10. Be2 a6 11. Nxc6 Bxc6 12. Nc7 Ra7 13. Nxa6 Qc8 14. b4 Rxa6 15. b5 Bxb5 16. Bxb5 Ra5 17. a4 Ne4 18. Qb3 Rd8 19. f3 Nf6 20. Be5 Nh5 21. g4 Bxe5 22. dxe5 Ng7 23. Kf2 Qc7 24. f4 f6 25. exf6 exf6 26. Rhd1 c4 27. Qb4 Ne6 28. Ra2 Nc5 29. Rd4 Nd3+ 30. Rxd3 cxd3 31. Rd2 Qc5 32. Rxd3 Qxb4 33. cxb4 Ra7 34. Bc6 Kg7 35. Rd4 Kf8 36. e4 Ke7 37. exd5 Kd6 38. Re4 Re7 39. Rc4 Rc8 40. h4 h6 41. Kf3 g5 42. hxg5 hxg5 43. Re4 Rcc7 44. fxg5 fxg5 45. Rc4 Rf7+ 46. Kg3 Rfe7 47. Rc3 Re5 48. Rf3 Rce7 49. Rf6+ Kc7 50. d6+ Kxc6 51. dxe7+ Kb7 52. Rf7 Ka6 53. Rf5 Rxe7 54. Rxg5 Re4 55. Rb5 Re1 56. g5 Ra1 57. g6 Rxa4 58. Rg5 Rxb4 59. g7 b5 60. g8=Q Rc4 61. Qa8+ Kb6 62. Rg6+ Kc5 63. Rc6+ Kb4 64. Qf8+ Kb3 65. Qf3+ Kb2 66. Rxc4 bxc4 67. Qe2+ Kb3 68. Qe6 Kb4 69. Qb6+ Ka3 70. Qc5+ Kb3 71. Qb5+ Kc3 72. Kf3 Kd3 73. Qd5+ Kc3 74. Ke3 Kb4 75. Kd4 c3 76. Qc4+ Ka3 77. Qxc3+ Ka2 78. Qb4 Ka1 79. Kc3 Ka2 80. Qb5 Ka1 81. Qb6 Ka2 82. Qb7 Ka3 83. Qb8 Ka4 84. Qb4# 1-0


[Site "https://www.chess.com"]

[Event "Titled Tuesday Blitz May 24 Late 2022"]
[White "Kostiukov, Alexandr"]
[Black "Golubev, Mikhail"]
[WhiteFideId "14108100"]
[BlackFideId "14100983"]
[WhiteElo "2202"]
[BlackElo "2374"]
[Result "1/2-1/2"]
[Round "09"]
[TimeControl "180+1"]
[Date "2022.05.25"]
[WhiteClock "0:00:28"]
[BlackClock "0:00:05"]

1. g3 g6 2. Bg2 Bg7 3. Nf3 d6 4. O-O e5 5. d4 exd4 6. Nxd4 Nf6 7. c4 O-O 8. Nc3 Nbd7 9. b3 c6 10. Bb2 Re8 11. e3 a5 12. Qc2 Nc5 13. Rfd1 Qb6 14. a3 h5 15. Rab1 h4 16. Ba1 hxg3 17. hxg3 Ng4 18. b4 axb4 19. axb4 Ne6 20. Nde2 Nxe3 21. fxe3 Qxe3+ 22. Kf1 Nd4 23. Qd3 Qxd3 24. Rxd3 Nxe2 25. Nxe2 Rxa1 26. Rxa1 Bxa1 27. Rxd6 Bg4 28. Nf4 Be5 29. Rd2 Bc3 30. Rc2 Bxb4 31. Rb2 Bc3 32. Rxb7 Re1+ 33. Kf2 Rc1 34. Bxc6 Bd4+ 35. Kg2 g5 36. Nd5 Rc2+ 37. Kf1 Bh3+ 38. Ke1 Bf2+ 39. Kd1 Ra2 40. Ne7+ Kf8 41. Nd5 Bxg3 42. Kc1 Bf5 43. Rb5 g4 44. Nf6 Bf4+ 45. Kd1 Bc2+ 46. Ke1 g3 47. Rb8+ Ke7 48. Nd5+ Kd6 49. Nxf4 Kxc6 50. Rg8 Bb3 51. Rxg3 Bxc4 52. Nd3 Kb5 53. Ne5 Ra1+ 54. Kd2 Ra2+ 55. Ke3 Ra3+ 56. Kf4 Rxg3 57. Kxg3 f6 58. Nd7 Be6 59. Nxf6 1/2-1/2


[Site "https://www.chess.com"]

[Event "Titled Tuesday Blitz May 24 Late 2022"]
[White "Krstulovic, Alex"]
[Black "Mickiewicz, Piotr"]
[WhiteFideId "760056"]
[BlackFideId "1114891"]
[WhiteElo "2193"]
[BlackElo "2223"]
[Result "1-0"]
[Round "09"]
[TimeControl "180+1"]
[Date "2022.05.25"]
[WhiteClock "0:00:21"]
[BlackClock "0:00:02"]

1. e4 c5 2. Nf3 e6 3. d4 cxd4 4. Nxd4 Nf6 5. Nc3 d6 6. g4 e5 7. Nf5 h5 8. g5 Nxe4 9. Nxg7+ Bxg7 10. Nxe4 d5 11. Ng3 Bg4 12. Be2 Qd7 13. Nxh5 Bxh5 14. Bxh5 Nc6 15. c3 e4 16. Be3 Ne5 17. Be2 a6 18. Qb3 Qc6 19. O-O-O Nc4 20. Bxc4 dxc4 21. Qb4 Bf8 22. Qa5 b5 23. Bd4 Rh3 24. Be3 Bc5 25. Rhe1 Bxe3+ 26. fxe3 Rxh2 27. Rd4 Kf8 28. Rf1 Re8 29. g6 Qxg6 30. Qc7 Rf2 31. Qc5+ Kg7 32. Rxf2 Qg1+ 33. Rd1 Qxf2 34. Qg5+ Kf8 35. Rh1 f6 36. Rh8+ Ke7 37. Qc5+ Kd7 38. Qd5+ Kc7 39. Rxe8 Qe1+ 40. Qd1 Qxe3+ 41. Qd2 Qg1+ 42. Kc2 f5 43. Qd8+ Kc6 44. Re6+ Kb7 45. Qd7+ Kb8 46. Re8# 1-0


[Site "https://www.chess.com"]

[Event "Titled Tuesday Blitz May 24 Late 2022"]
[White "Kujawski, Adam"]
[Black "Medeiros Jr, Francisco De Assis"]
[WhiteFideId "1100920"]
[BlackFideId "2114267"]
[WhiteElo "1982"]
[BlackElo "2003"]
[Result "1-0"]
[Round "09"]
[TimeControl "180+1"]
[Date "2022.05.25"]
[WhiteClock "0:02:04"]
[BlackClock "0:01:31"]

1. e4 c6 2. d4 d5 3. Nc3 dxe4 4. Nxe4 Nf6 5. Nxf6+ exf6 6. Bc4 Bd6 7. Qe2+ Qe7 8. Qxe7+ Bxe7 9. Be3 Be6 10. Bxe6 fxe6 11. Ne2 Nd7 12. O-O-O Kf7 13. g4 h5 14. h3 hxg4 15. hxg4 Nb6 16. Nf4 Nd5 17. Nxd5 exd5 18. Bf4 Rae8 19. Kd2 Bb4+ 20. c3 Ba5 21. Kd3 Rxh1 22. Rxh1 Re7 23. f3 Bc7 24. Bxc7 Rxc7 25. b3 Re7 26. c4 Rd7 27. Rh8 c5 28. dxc5 dxc4+ 29. Kxc4 Rd2 30. Rb8 Rc2+ 31. Kb5 1-0


[Site "https://www.chess.com"]

[Event "Titled Tuesday Blitz May 24 Late 2022"]
[White "Lopez Del Alamo, Antonio"]
[Black "Meunier-Pion, Jean"]
[WhiteFideId "2227339"]
[BlackFideId "20685327"]
[WhiteElo "2089"]
[BlackElo "2124"]
[Result "0-1"]
[Round "09"]
[TimeControl "180+1"]
[Date "2022.05.25"]
[WhiteClock "0:00:13"]
[BlackClock "0:02:37"]

1. e4 c5 2. Nf3 d6 3. d4 cxd4 4. Nxd4 Nf6 5. Nc3 a6 6. Be2 e5 7. Nb3 Be7 8. Be3 Be6 9. Nd5 Bxd5 10. exd5 Nbd7 11. c4 O-O 12. Qd2 b6 13. f3 Nc5 14. O-O Nfd7 15. Nc1 Bf6 16. Rb1 a5 0-1


[Site "https://www.chess.com"]

[Event "Titled Tuesday Blitz May 24 Late 2022"]
[White "Lopez Idarraga, Daniel Eduardo"]
[Black "Bernal Moro, Luis Javier"]
[WhiteFideId "4405501"]
[BlackFideId "2200236"]
[WhiteElo "2059"]
[BlackElo "2373"]
[Result "0-1"]
[Round "09"]
[TimeControl "180+1"]
[Date "2022.05.25"]
[WhiteClock "0:00:23"]
[BlackClock "0:00:21"]

1. d4 Nf6 2. Nf3 g6 3. Nc3 d5 4. Bf4 Bg7 5. Nb5 Na6 6. e3 O-O 7. h3 c5 8. c3 Bd7 9. a4 cxd4 10. exd4 Qb6 11. Be2 Bxb5 12. axb5 Nc7 13. Qb3 a5 14. O-O e6 15. Be5 Rfc8 16. Ne1 Nfe8 17. Bxg7 Kxg7 18. Nd3 Nd6 19. Nc5 Ncxb5 20. Ra4 Qc6 21. Rfa1 b6 22. Nd3 Nc7 23. Ne5 Qb7 24. R4a2 Nce8 25. Bb5 Nxb5 26. Qxb5 Nd6 27. Qd7 Qxd7 28. Nxd7 Rc6 29. b4 Nc4 30. Ne5 Rc7 31. Nxc4 Rxc4 32. bxa5 Rxa5 33. Rxa5 bxa5 34. Rxa5 Rxc3 35. Ra4 g5 36. Kf1 h5 37. Ke2 h4 38. Ra2 Rb3 39. Rc2 Kf6 40. Rc7 Kg6 41. Re7 Rb2+ 42. Ke3 Rb1 43. Ke2 Rg1 44. Kf3 Re1 45. Re8 Re4 46. Ra8 Rxd4 0-1


[Site "https://www.chess.com"]

[Event "Titled Tuesday Blitz May 24 Late 2022"]
[White "Lutz, Igor Oscar"]
[Black "Eswaran, Ashritha"]
[WhiteFideId "2110806"]
[BlackFideId "2080788"]
[WhiteElo "1737"]
[BlackElo "2339"]
[Result "1/2-1/2"]
[Round "09"]
[TimeControl "180+1"]
[Date "2022.05.25"]
[WhiteClock "0:00:18"]
[BlackClock "0:01:19"]

1. d4 Nf6 2. c4 g6 3. Nc3 Bg7 4. e4 d6 5. Nf3 Nbd7 6. Be2 e5 7. Be3 O-O 8. d5 c6 9. Nd2 Qc7 10. dxc6 bxc6 11. Nb3 Ba6 12. Qd2 Nb6 13. Rd1 Rad8 14. c5 dxc5 15. Qc2 Bxe2 16. Nxe2 c4 17. Nc5 Rxd1+ 18. Qxd1 Rd8 19. Qc2 Nbd7 20. O-O Nxc5 21. Bxc5 Qa5 22. Qxc4 Qd2 23. Be7 Rd7 24. Bb4 Qd3 25. Qxd3 Rxd3 26. Nc3 Bf8 27. Bxf8 Kxf8 28. f3 Ke7 29. Rd1 Rxd1+ 30. Nxd1 Kd6 31. Kf2 Kc5 32. Ke3 Nh5 33. g3 Ng7 34. Kd3 Ne6 35. Nc3 Nd4 36. f4 exf4 37. gxf4 Ne6 38. Ne2 Kd6 39. Kc4 f5 40. e5+ Kd7 41. b4 Kc7 42. a4 Kb6 43. a5+ Kc7 44. h3 h6 45. h4 Kb7 46. Kd3 Ka6 47. Kc4 h5 48. Kb3 Kb5 49. Kc3 c5 50. bxc5 Kxc5 51. Kb3 Kb5 52. Kc3 Kxa5 53. Kc4 Kb6 54. Kd5 Nc5 55. e6 Ne4 56. e7 Nf6+ 57. Ke6 Ne8 58. Kd7 Nf6+ 59. Kd8 a5 60. e8=Q Nxe8 61. Kxe8 a4 62. Nc3 a3 63. Na2 Kc5 64. Kf7 Kd4 65. Kxg6 Ke4 66. Kxh5 Kxf4 67. Kg6 Kg4 68. h5 f4 69. h6 f3 70. h7 f2 71. h8=Q f1=Q 72. Qh5+ Kg3 73. Qg5+ Kh2 74. Qh5+ Kg1 75. Qg4+ Qg2 76. Qxg2+ Kxg2 77. Kf5 Kf3 78. Ke5 Ke3 79. Kd5 Kd3 80. Kc5 Kc2 81. Nb4+ Kb2 82. Kc4 a2 83. Nxa2 1/2-1/2


[Site "https://www.chess.com"]

[Event "Titled Tuesday Blitz May 24 Late 2022"]
[White "Malka, Samuel"]
[Black "Olafsson, Helgi"]
[WhiteFideId "20643675"]
[BlackFideId "2300010"]
[WhiteElo "2488"]
[BlackElo "2463"]
[Result "0-1"]
[Round "09"]
[TimeControl "180+1"]
[Date "2022.05.24"]
[WhiteClock "0:00:04"]
[BlackClock "0:00:41"]

1. d4 Nf6 2. c4 e6 3. g3 d5 4. Nf3 dxc4 5. Bg2 Nc6 6. e3 Rb8 7. Nfd2 e5 8. Bxc6+ bxc6 9. dxe5 Ng4 10. O-O Be6 11. Nf3 h5 12. h4 Bb4 13. Nd4 Qd5 14. Nc3 Bxc3 15. bxc3 Nxe5 16. e4 Qxe4 17. Re1 Qd5 18. Bf4 Nd3 19. Bxc7 Rb7 20. Ba5 Nxe1 21. Qxe1 Qxa5 22. Nxe6 Re7 23. Nxg7+ Kf8 24. Qd2 Kxg7 25. Rb1 Rhe8 26. Kg2 Qd5+ 0-1


[Site "https://www.chess.com"]

[Event "Titled Tuesday Blitz May 24 Late 2022"]
[White "Martinez Alcantara, Jose Eduardo"]
[Black "Shimanov, Aleksandr"]
[WhiteFideId "3805662"]
[BlackFideId "4198603"]
[WhiteElo "2690"]
[BlackElo "2605"]
[Result "1-0"]
[Round "09"]
[TimeControl "180+1"]
[Date "2022.05.24"]
[WhiteClock "0:00:12"]
[BlackClock "0:00:02"]

1. e4 d5 2. exd5 Qxd5 3. Nc3 Qe5+ 4. Be2 Bg4 5. d4 Bxe2 6. Ncxe2 Qd5 7. Nf3 Nf6 8. O-O e6 9. b3 Nc6 10. Bb2 O-O-O 11. c4 Qh5 12. Ng3 Qg6 13. Qe2 h5 14. Rfd1 h4 15. Nf1 h3 16. g3 Qh5 17. a3 Ne7 18. Re1 Ng4 19. b4 Nf5 20. b5 Be7 21. Rad1 Bf6 22. a4 Rhe8 23. a5 e5 24. Nxe5 Nxd4 25. Bxd4 Bxe5 26. Bxe5 Rxd1 27. Qxd1 Qf5 28. Bf4 Rd8 29. Qe2 g5 30. Ne3 Nxe3 31. Bxe3 Qe4 32. f3 Qe6 33. a6 bxa6 34. bxa6 Qxa6 35. Bxg5 Rd6 36. Qe8+ Kb7 37. Rb1+ Rb6 38. Qe4+ Kb8 39. Rd1 Qc8 40. Rd8 1-0


[Site "https://www.chess.com"]

[Event "Titled Tuesday Blitz May 24 Late 2022"]
[White "Melikhov, Evgeny V."]
[Black "Carrasco Miranda, Andres"]
[WhiteFideId "4122046"]
[BlackFideId "3405990"]
[WhiteElo "1931"]
[BlackElo "2177"]
[Result "0-1"]
[Round "09"]
[TimeControl "180+1"]
[Date "2022.05.25"]
[WhiteClock "0:01:11"]
[BlackClock "0:00:59"]

1. d4 Nf6 2. c4 g6 3. Nc3 d5 4. cxd5 Nxd5 5. e4 Nxc3 6. bxc3 Bg7 7. Bc4 c5 8. Ne2 Nc6 9. Be3 O-O 10. h4 cxd4 11. cxd4 Qa5+ 12. Kf1 Bg4 13. f3 Bd7 14. h5 Rac8 15. h6 Bf6 16. Rc1 b5 17. Bb3 Qa3 18. e5 Bh8 19. f4 a5 20. Rc5 Bg4 21. Qc1 Qxc1+ 22. Nxc1 a4 23. Bd5 Nb4 24. a3 Rxc5 25. dxc5 Nxd5 26. Bd4 f6 27. Rh4 fxe5 28. Rxg4 exd4 29. Nd3 Ne3+ 0-1


[Site "https://www.chess.com"]